 Dungeon Crawl Stone Soup version 0.23.1 (webtiles) character file.

Game seed: 11665584865218042386

266 humpolec the Shield-Bearer (level 6, -3/53 HPs)
             Began as a Hill Orc Fighter on Mar 9, 2019.
             Was an Initiate of Makhleb.
             Slain by an ogre
             ... wielding a +0 giant spiked club
              (11 damage)
             ... on level 7 of the Dungeon.
             The game lasted 00:28:56 (3101 turns).

humpolec the Shield-Bearer (Hill Orc Fighter)       Turns: 3101, Time: 00:28:56

Health: -3/53      AC: 13    Str: 25    XL:     6   Next: 20%
Magic:  6/6        EV:  5    Int:  8    God:    Makhleb [......]
Gold:   136        SH: 10    Dex: 11    Spells: 5/5 levels left

rFire    . . .     SeeInvis .   a - +2 dagger (venom)
rCold    . . .     Gourm    .   c - +0 shield
rNeg     . . .     Faith    .   v - +0 plate armour
rPois    .         Spirit   .   r - +0 helmet
rElec    .         Reflect  .   (no cloak)
rCorr    .         Harm     .   (no gloves)
MR       .....                  (no boots)
Stlth    ..........             (no amulet)
HPRegen  0.17/turn              (no ring)
MPRegen  0.10/turn              (no ring)

@: mighty, lethally poisoned (-3 -> -5)
A: no striking features
a: Renounce Religion


You were on level 7 of the Dungeon.
You worshipped Makhleb.
Makhleb was noncommittal.
You were not hungry.

You visited 1 branch of the dungeon, and saw 5 of its levels.

You collected 136 gold pieces.

Inventory:

Hand Weapons
 a - a +2 dagger of venom (weapon)
 b - a +0 hunting sling
 g - a +0 long sword
 n - a +0 whip of venom
 x - a +3 whip of pain
Missiles
 e - 12 bolts
 l - 148 stones
 q - 38 sling bullets (quivered)
 u - 15 arrows
Armour
 c - a +0 shield (worn)
 f - a +0 chain mail
 r - a +0 helmet (worn)
 v - a +0 plate armour (worn)
Jewellery
 k - a +3 ring of dexterity {unknown}
Scrolls
 i - a scroll of magic mapping {unknown}
 j - a scroll of teleportation
 m - 2 scrolls of remove curse {unknown}
 s - a scroll of fog {unknown}
 t - a scroll of fear {unknown}
Potions
 d - a potion of might
 o - a potion of agility {unknown}
 p - 2 potions of lignification {unknown}
 w - a potion of haste {unknown}
 A - a potion of curing {unknown}
Comestibles
 z - a ration


   Skills:
 + Level 4.5 Fighting
 + Level 0.6(2.0) Short Blades
 + Level 3.3(3.4) Long Blades
 + Level 2.0 Slings
 + Level 4.3 Armour
 + Level 0.2 Dodging
 + Level 4.7 Shields


You had 5 spell levels left.
You didn't know any spells.
Your spell library was empty.

Dungeon Overview and Level Annotations

Branches:
Dungeon (4/15)
 Temple: D:4-7

Altars:
Makhleb


Message History

The ogre hits you with a +0 giant spiked club!
* * * LOW HITPOINT WARNING * * *
The giant cockroach bites you but does no damage.
You feel very mighty all of a sudden. You block the giant cockroach's attack.
You block the ogre's attack.
You barely miss the ogre.
The ogre is lightly wounded.
You block the giant cockroach's attack. You block the ogre's attack.
The killer bee buzzes angrily.
You puncture the ogre!
The ogre is heavily wounded.
You feel sick.
You block the giant cockroach's attack. x2
You hit the ogre.
The ogre is severely wounded.
You block the ogre's attack. You block the giant cockroach's attack.
Your shield and plate armour prevent you from hitting the ogre.
The ogre is severely wounded.
You block the giant cockroach's attack.
The ogre hits you with a +0 giant spiked club!
You die...

#####........)
#..............
#.<............
#..............
##....<........
.......y......#
#.....O....#
#......@...#
.......s...#
.#######..##
##...# #..#..#
#.###.... #.#
###.# ## #.# #
. #.#


You could see an ogre, a killer bee and a giant cockroach.

Vanquished Creatures
  A killer bee (D:7)
  A worker ant (D:4)
  10 gnolls
  4 adders
  An ooze (D:1)
  8 orcs (D:3)
  2 ball pythons (D:1)
  5 bats
  8 giant cockroaches
  7 goblins
  3 hobgoblins
  3 jackals (D:2)
  4 kobolds
  4 frilled lizards
  A jackal skeleton (D:4)
  2 rats (D:3)
64 creatures vanquished.

Notes
Turn   | Place    | Note
-------+----------+-------------------------------------------
     0 | D:1      | humpolec the Hill Orc Fighter began the quest for the Orb.
     0 | D:1      | Reached XP level 1. HP: 19/19 MP: 1/1
   214 | D:1      | Reached XP level 2. HP: 23/27 MP: 2/2
   929 | D:2      | Reached XP level 3. HP: 14/33 MP: 3/3
  1897 | D:3      | Reached XP level 4. HP: 35/40 MP: 4/4
  2429 | D:3      | Reached skill level 1 in Slings
  2503 | D:3      | Reached XP level 5. HP: 43/46 MP: 5/5
  2912 | D:4      | Reached XP level 6. HP: 30/53 MP: 6/6
  2951 | D:4      | Found a burning altar of Makhleb.
  2974 | D:4      | Became a worshipper of Makhleb the Destroyer
  3062 | D:4      | You fall through a shaft for 3 floors!
  3101 | D:7      | Slain by an ogre

Skill      XL: |  1  2  3  4  5 |
---------------+----------------+-----
Fighting       | 4 |  4.5
Long Blades    | 3 |  3.3
Armour         | 4 |  4.3
Slings         | 1 2 |  2.0
Shields        | 4 |  4.7
Short Blades   | |  0.6
Dodging        | |  0.2

Action                   |  1- 3 |  4- 6 || total
-------------------------+-------+-------++-------
Melee: Long sword        |    96 |    15 ||   111
       Dagger            |       |   105 ||   105
 Fire: Hunting sling     |    16 |     7 ||    23
Throw: Stone             |     1 |       ||     1
  Use: Scroll            |     3 |     1 ||     4
       Potion            |     1 |     2 ||     3
  Eat: Ration            |     1 |     1 ||     2
Armor: Scale mail        |    33 |       ||    33
       Chain mail        |    16 |     7 ||    23
       Plate armour      |       |    48 ||    48
Dodge: Dodged            |    35 |    14 ||    49
Block: Shield            |    54 |    76 ||   130
       Rpst.: Long sword |    10 |     2 ||    12
